 Dungeon Crawl Stone Soup version 0.29.1-13-g9f3cf754e1 (webtiles) character file.

Game seed: 17865373235400881924

3927 steamdo11 the Nimble (level 10, -23/47 HPs)
             Began as a Felid Summoner on Jan 31, 2023.
             Was an Initiate of Gozag.
             Shot with a bolt by an orc knight (28 damage)
             ... on level 10 of the Dungeon on Feb 1, 2023.
             The game lasted 01:55:52 (14413 turns).

steamdo11 the Nimble (Felid Summoner)              Turns: 14413, Time: 01:55:53

Health: -23/47     AC:  2    Str:  4    XL:     10   Next: 1%
Magic:  7/22       EV: 23    Int: 21    God:    Gozag
Gold:   1210       SH:  0    Dex: 17    Spells: 1/23 levels left
                                        Lives:  0   Deaths: 2

rFire   + . .      SeeInvis +   (weapon unavailable)
rCold   . . .      Faith    .   (shield unavailable)
rNeg    . . .      Spirit   .   (body armour unavailable)
rPois   .          Reflect  .   (helmet unavailable)
rElec   .          Harm     .   (cloak unavailable)
rCorr   .          Rampage  .   (gloves unavailable)
Will    +....                   (boots unavailable)
Stlth   ++........              (no amulet)
HPRegen 0.15/turn               s - ring of protection from fire
MPRegen 0.18/turn               y - ring of wizardry

@: gold aura, quick
A: very small, claws 1, fangs 3, see invisible, speed 1, shaggy fur 2, stealthy
paws, no weapons or thrown items, no armour, multi-lived
a: Renounce Religion, Potion Petition, Call Merchant, Bribe Branch


You were on level 10 of the Dungeon.
You worshipped Gozag.
Gozag was most pleased with you.
You visited 2 branches of the dungeon, and saw 11 of its levels.
You also visited: Sewer.

You collected 1651 gold pieces.
You spent 374 gold pieces at shops.
You paid 67 gold pieces to Gozag.

Inventory:

Jewellery
 c - a +4 ring of evasion
 j - a +6 ring of intelligence
 n - a ring of ice
 s - a ring of protection from fire (left paw)
 y - a ring of wizardry (right paw)
 B - a +4 ring of slaying
 D - a ring of protection from fire
 N - a ring of ice
Wands
 h - a wand of paralysis (6)
 p - a wand of iceblast (13)
 q - a wand of polymorph (6)
 G - a wand of flame (2)
 H - a wand of digging (3)
 L - a wand of mindburst (3)
Scrolls
 e - 2 scrolls of butterflies
 f - 3 scrolls of magic mapping
 i - 5 scrolls of enchant armour
 k - a scroll of blinking
 l - 3 scrolls of noise
 m - 7 scrolls of teleportation
 o - a scroll of summoning
 t - a scroll of silence {unknown}
 v - a scroll of enchant weapon {unknown}
 x - a scroll of amnesia {unknown}
 C - 4 scrolls of poison
 E - a scroll of vulnerability {unknown}
 J - a scroll of fear {unknown}
 M - a scroll of brand weapon {unknown}
Potions
 a - 2 potions of magic
 b - 5 potions of lignification {unknown}
 d - 2 potions of curing {unknown}
 g - 3 potions of resistance {unknown}
 r - a potion of cancellation {unknown}
 u - a potion of attraction {unknown}
 z - a potion of haste {unknown}
 A - 4 potions of mutation
 F - a potion of flight {unknown}
 I - a potion of ambrosia {unknown}
 K - 2 potions of brilliance {unknown}
 O - a potion of degeneration {unknown}


   Skills:
 + Level 7.1 Fighting
 + Level 9.6 Dodging
 - Level 2.6 Stealth
 + Level 7.4 Spellcasting
 - Level 5.0 Hexes
 + Level 8.9 Summonings
 - Level 5.0 Translocations
 + Level 5.6 Transmutations
 + Level 5.4 Air Magic


You had one spell level left.
You knew the following spells:

 Your Spells              Type           Power      Damage    Failure   Level
a - Summon Small Mammal   Summ           100%       N/A       1%          1
b - Call Imp              Summ           45%        N/A       1%          2
c - Call Canine Familiar  Summ           45%        N/A       1%          3
d - Summon Guardian Gole  Hex/Summ       37%        N/A       1%          3
e - Summon Lightning Spi  Summ/Air       37%        N/A       1%          4
f - Blink                 Tloc           56%        N/A       1%          2
g - Storm Form            Tmut/Air       15%        N/A       95%         7

Your spell library contained the following spells:

 Spells                   Type           Power      Damage    Failure   Level
 Sandblast                Erth           14%        2d6       3%          1
 Passwall                 Tmut/Erth      15%        N/A       1%          2
 Ozocubu's Armour         Ice            7%         N/A       11%         3
 Stone Arrow              Conj/Erth      14%        3d7       11%         3
 Anguish                  Hex/Necr       9%         N/A       12%         4
 Manifold Assault         Tloc           28%        N/A       12%         5
 Metabolic Englaciation   Hex/Ice        9%         N/A       32%         5
 Enfeeble                 Hex            14%        N/A       97%         7
 Simulacrum               Ice/Necr       Unusable   N/A       N/A         6

Dungeon Overview and Level Annotations

Branches:
Dungeon (10/15)            Temple (1/1) D:5           Sewer (visited)
   Lair: D:8-11         Orc: D:9-12

Altars:
Ashenzari
Cheibriados
Dithmenos
Elyvilon
Fedhas
Gozag
Hepliaklqana
Kikubaaqudgha
Makhleb
Nemelex Xobeh
Okawaru
Qazlal
Ru
Sif Muna
Trog
Uskayaw
Vehumet
Wu Jian
Xom
Yredelemnul
Zin
The Shining One

Shops:
D:6 :

Portals:
Trove: D:10 (give 7 scrolls of fear)

Annotations:
D:8 2 transporters
D:10 exclusions: door and kobold demonologist


Innate Abilities, Weirdness & Mutations

You have sharp claws.
You have razor-sharp teeth.
You have supernaturally acute eyesight. (SInv)
You cover ground quickly. (Speed+)
You are covered in thick fur. (AC +2)
Your paws help you pounce on unaware monsters.
You are incapable of wielding weapons or throwing items.
You cannot wear armour.
You gain extra lives every three experience levels.


Message History

Casting: Summon Guardian Golem (safe; 1% risk of failure)
Confirm with . or Enter, or press ? or * to list all spells.
An electric hum fills the air.
The orc knight shoots a bolt.
The bolt hits your wolf! Flame seeps out of your guardian golem.
The orc knight shoots a bolt.
The bolt hits your wolf! Flame seeps out of your guardian golem.
The kobold demonologist casts a spell.
Send 'em back where they came from!
Your wolf shudders.
Your guardian golem shudders.
The orc knight shoots a bolt.
The bolt hits your wolf!!
Your wolf dies!
Your wolf's corpse disappears in a puff of smoke!
Your guardian golem disappears in a puff of smoke!
Your guardian golem explodes!
The kobold demonologist looks encouraged for a moment.
Casting: Summon Lightning Spire (dangerous; 1% risk of failure)
Confirm with . or Enter, or press ? or * to list all spells.
The kobold demonologist mumbles some strange words.
Casting: Call Canine Familiar (safe; 1% risk of failure)
Confirm with . or Enter, or press ? or * to list all spells.
Okay, then.
The orc knight shoots a bolt.
The bolt hits your wolf!
The orc knight shoots a bolt.
The bolt hits your wolf!!
Your wolf dies!
Your wolf's corpse disappears in a puff of smoke!
The orc knight shoots a bolt.
The bolt hits you!!
Ouch! That really hurt!
* * * LOW HITPOINT WARNING * * *
Casting: Call Canine Familiar (safe; 1% risk of failure)
Confirm with . or Enter, or press ? or * to list all spells.
A guardian golem appears, shielding your allies.
Your lightning spire shoots out a bolt of lightning at the kobold demonologist!
The bolt of electricity hits the kobold demonologist!
The kobold demonologist dies!
The ufetubus disappears in a puff of smoke!
The orc knight shoots a bolt.
The bolt hits you!!
Ouch! That really hurt!
You die...
Your body crumbles into a pile of gold.

#. #... ...# #........ #.. #..#
#..# #........ #..###..# #..#
#......## ###.......# #..#
#......# ..........#
#..###......# ........).#
#...........# .......98.#
#...........#
#.............[###..####.....#
#.............@##...## #.....#
#...........(§☼#.....###.....##
..............§................
...........8≈≈☼§≈≈≈≈≈≈≈≈≈≈≈≈≈≈≈
...........≈8≈≈≈≈≈≈≈≈≈≈≈≈≈≈≈≈≈≈
...........≈≈$o################
.......<...≈≈§#K...........
...........≈≈##............
..............K.5$......8..


You could see an orc knight, a kobold demonologist, a friendly guardian golem
(summoned) and a friendly lightning spire (summoned, sheltered).

Vanquished Creatures
  3 electric eels (D:10)
  A hound (D:4)
4 creatures vanquished.

Vanquished Creatures (collateral kills)
  2 two-headed ogres
  3 kobold demonologists (D:10)
  Grinder (D:3)
  3 wraiths (D:8)
  A wyvern (D:9)
  Menkaure (D:7)
  A steam dragon (D:9)
  3 water moccasins
  3 black bears
  An ice beast (D:8)
  5 orc warriors
  2 ogres
  2 phantoms
  5 kobold brigands
  A necrophage (D:7)
  3 scorpions
  6 wights (D:7)
  12 killer bees
  A howler monkey (D:6)
  A jelly (D:7)
  A hound (D:7)
  3 orc priests
  A gnoll bouda (D:6)
  4 iguanas
  4 orc wizards
  Natasha (thrice) (D:3)
  A mummy (D:4)
  12 adders
  5 gnolls
  5 river rats
  A shadow imp (D:7)
  2 white imps
  2 ufetubi
  5 dart slugs
  26 orcs
  9 bats
  4 endoplasms
  2 giant cockroaches
  7 goblins
  6 hobgoblins
  10 jackals
  27 kobolds
  4 quokkas
  15 ball pythons
  3 frilled lizards
  26 rats
245 creatures vanquished.

Vanquished Creatures (others)
  Gastronok (D:9)
  A skeletal warrior (D:8)
  An ugly thing (D:8)
  Psyche (D:9)
  A wraith (D:8)
  2 orc warriors (D:6)
  A black bear (D:5)
  Blork the orc (D:4)
  A wight (D:7)
  5 killer bees
  An orc priest (D:5)
  An iguana (D:5)
  An orc wizard (D:6)
  2 gnolls (D:6)
  5 orcs
  An endoplasm (D:4)
26 creatures vanquished.

Grand Total: 275 creatures vanquished

Notes
Turn   | Place    | Note
-------+----------+-------------------------------------------
     0 | D:1      | steamdo11 the Felid Summoner began the quest for the Orb.
     0 | D:1      | Reached XP level 1. HP: 7/7 MP: 4/4
   289 | D:1      | Reached XP level 2. HP: 11/11 MP: 1/6
   337 | D:1      | Learned a level 2 spell: Call Imp
  1072 | D:1      | Reached XP level 3. HP: 14/14 MP: 5/8
  1200 | D:1      | Learned a level 3 spell: Call Canine Familiar
  1901 | D:2      | Reached XP level 4. HP: 18/18 MP: 1/9
  2128 | D:2      | Reached skill level 5 in Summonings
  2135 | D:2      | Learned a level 3 spell: Summon Guardian Golem
  3105 | D:3      | Noticed Natasha
  3129 | D:3      | Killed Natasha
  3130 | D:3      | Reached skill level 3 in Dodging
  3130 | D:3      | Reached skill level 1 in Hexes
  3131 | D:3      | Reached XP level 5. HP: 21/21 MP: 3/11
  3224 | D:3      | Noticed Grinder
  3346 | D:3      | Killed Grinder
  3347 | D:3      | Reached skill level 1 in Fighting
  3347 | D:3      | Gained mutation: You are covered in thick fur. (AC +2)
                  | [Felid growth]
  3347 | D:3      | Reached XP level 6. HP: 26/26 MP: 1/12
  3442 | D:3      | Found a shadowy altar of Dithmenos.
  3511 | D:3      | Noticed Natasha
  3526 | D:3      | Killed Natasha
  3551 | D:3      | Noticed Natasha
  3557 | D:3      | Killed Natasha
  3558 | D:3      | Reached skill level 4 in Dodging
  4273 | D:4      | Reached XP level 7. HP: 30/30 MP: 6/14
  4551 | D:4      | Found a glowing drain.
  4555 | Sewer    | Entered a sewer
  5109 | Sewer    | Reached skill level 5 in Dodging
  5420 | D:4      | Noticed Blork the orc
  5433 | D:4      | Killed Blork the orc
  5644 | D:5      | Entered Level 5 of the Dungeon
  5650 | D:5      | Learned a level 4 spell: Summon Lightning Spire
  5650 | D:5      | Found a staircase to the Ecumenical Temple.
  5659 | Temple   | Entered the Ecumenical Temple
  5689 | Temple   | Became a worshipper of Gozag Ym Sagoz the Greedy
  5920 | D:5      | Reached skill level 5 in Hexes
  5920 | D:5      | Reached XP level 8. HP: 34/34 MP: 5/16
  6397 | D:5      | Reached skill level 1 in Air Magic
  6652 | D:5      | Reached skill level 5 in Spellcasting
  6713 | D:5      | Reached skill level 6 in Dodging
  8040 | D:6      | Found Fibrimym's Book Emporium.
  8047 | D:6      | Bought an Inescapable Atlas for 374 gold pieces
  8050 | D:6      | Learned a level 2 spell: Blink
  8247 | D:6      | Reached XP level 9. HP: 29/39 MP: 14/18
  8464 | D:6      | Reached skill level 1 in Translocations
  8464 | D:6      | Reached skill level 1 in Transmutations
  8599 | D:6      | Reached skill level 7 in Dodging
  9192 | D:7      | Reached skill level 5 in Fighting
  9330 | D:7      | Noticed Menkaure
  9336 | D:7      | Killed Menkaure
  9773 | D:8      | Found a transporter.
  9781 | D:8      | Found the +8 demon trident "Rift" {distort, reach+}
  9965 | D:8      | Found a transporter.
 10433 | D:8      | Noticed a sixfirhy
 10710 | D:8      | Reached XP level 10. HP: 45/45 MP: 15/20
 10740 | D:8      | Reached skill level 8 in Dodging
 10835 | D:8      | Noticed a skeletal warrior
 10835 | D:8      | Noticed a white ugly thing
 10835 | D:8      | Found the +5 scythe "Finisher" {speed, eviscerate}
 10864 | D:8      | Killed a white ugly thing
 10866 | D:8      | Killed a skeletal warrior
 10867 | D:8      | Reached skill level 5 in Translocations
 11287 | D:8      | Learned a level 7 spell: Storm Form
 11317 | D:9      | Noticed Psyche
 11355 | D:9      | Slain by a killer bee
 11356 | D:9      | Reached XP level 9. HP: -1/41 MP: 3/19
 11356 | D:9      | Killed Psyche
 11360 | D:10     | Entered Level 10 of the Dungeon
 11363 | D:9      | Identified the +0 helmet "Xistrox" {Rampage *Slow rPois}
 11903 | D:9      | Noticed Gastronok
 11939 | D:9      | Killed Gastronok
 11940 | D:9      | Reached skill level 9 in Dodging
 11940 | D:9      | Reached XP level 10. HP: 35/46 MP: 5/21
 11956 | D:9      | Noticed a two-headed ogre
 12139 | D:9      | Identified the +7 spear of Glory {venom, rN+ Int+8}
 12234 | D:9      | Killed a two-headed ogre
 12235 | D:9      | Reached skill level 5 in Transmutations
 12235 | D:9      | Reached skill level 5 in Air Magic
 12516 | D:9      | HP: 2/46 [killer bee (8)]
 12846 | D:10     | Found a portal to a secret trove of treasure.
 13509 | D:10     | Noticed an orc knight
 13817 | D:10     | Noticed a two-headed ogre
 13967 | D:10     | Noticed a smoke demon
 13979 | D:10     | Slain by a two-headed ogre
 13980 | D:10     | Reached XP level 9. HP: -2/42 MP: 7/20
 14075 | D:10     | Found a snail-covered altar of Cheibriados.
 14232 | D:10     | Noticed a smoke demon
 14245 | D:10     | Noticed an orange demon
 14248 | D:10     | Noticed a sixfirhy
 14248 | D:10     | Killed a kobold demonologist
 14343 | D:10     | Killed a two-headed ogre
 14344 | D:10     | Reached XP level 10. HP: 47/47 MP: 15/22
 14413 | D:10     | Shot with a bolt by an orc knight

Illustrated notes

Levels and vault maps discovered:
D:1:      kilobyte_arrival_exit_the_forest, layout_rooms
D:2:      layout_loops_ring
D:3:      layout_basic, nicolae_dithmenos_shadow_blocks,
          chequers_serial_rivers_small_b, uniq_natasha, uniq_grinder
D:4:      layout_rooms, gup_ossuary_entry_pyramid, gup_sewer_entry_bowl,
          minivault_26, nicolae_elevator_lobby_plus, uniq_blork_the_orc
D:5:      layout_basic, minmay_temple_entry_gardened_gates
D:6:      layout_gridville, serial_shops, nicolae_shop_hallway_plus,
          grunt_decor_fettered, minmay_chambers_of_fives
D:7:      layout_rooms, uniq_menkaure
D:8:      layout_cave_pods, gammafunk_ghost_abyssal_escape,
          corexii_leaking_fountain, minmay_guarded_unrand_finisher
D:9:      layout_rooms, enter_bailey_3, uniq_gastronok, uniq_psyche
D:10:     layout_long_grid, cheibriados_altar_1, erik_orc_2, enter_trove_6
Temple:   nicolae_temple_slightly_damp_pantheon

Skill      XL: |  1  2  3  4  5  6  7  8  9 10 |
---------------+-------------------------------+-----
Spellcasting   | 3 4 5 7 |  7.4
Summonings     | 5 6 7 8 |  8.9
Dodging        | 3 4 5 6 9 8 |  9.6
Hexes          | 1 2 3 5 |  5.0
Fighting       | 1 2 3 4 7 6 |  7.1
Air Magic      | 2 3 5 |  5.4
Translocations | 4 5 |  5.0
Transmutations | 3 5 |  5.6
Stealth        | |  2.6

Action                   |  1- 3 |  4- 6 |  7- 9 | 10-12 || total
-------------------------+-------+-------+-------+-------++-------
Melee: Unarmed           |       |     2 |       |     1 ||     3
       Punch             |       |     1 |       |       ||     1
 Cast: Summon Small Mamm |    52 |     9 |     1 |       ||    62
       Call Imp          |    17 |    13 |    37 |     6 ||    73
       Call Canine Famil |     5 |    18 |    69 |    27 ||   119
       Summon Guardian G |       |     5 |    28 |    11 ||    44
       Summon Lightning  |       |       |    10 |    23 ||    33
       Blink             |       |       |     1 |     5 ||     6
Evoke: Wand              |       |       |     4 |     4 ||     8
  Use: Scroll            |       |       |     8 |     2 ||    10
       Potion            |       |       |     1 |     4 ||     5
Armor: Skin              |     4 |     4 |     1 |     3 ||    12
Dodge: Dodged            |    24 |    57 |    74 |   124 ||   279
